 Dungeon Crawl Stone Soup version 0.30.1-4-g462c640d31 (webtiles) character file.

Game seed: 11991367421126421536

44 Peloso the Shield-Bearer (level 3, 0/35 HPs)
             Began as a Gnoll Fighter on Sept 6, 2023.
             Slain by a goblin
             ... wielding a +0 dagger
             ... led by Robin
              (1 damage)
             ... on level 2 of the Dungeon.
             The game lasted 00:04:02 (1175 turns).

Peloso the Shield-Bearer (Gnoll Fighter)            Turns: 1175, Time: 00:04:02

Health: 0/35       AC:  7    Str: 15    XL:     3   Next: 60%
Magic:  4/4        EV:  9    Int:  7    God:
Gold:   53         SH:  5    Dex: 13    Spells: 3/3 levels left

rFire   . . .        a - +0 long sword
rCold   . . .        c - +0 buckler
rNeg    . . .        b - +0 scale mail
rPois   .            (no helmet)
rElec   .            (no cloak)
rCorr   .            (no gloves)
SInv    .            (no boots)
Will    .....        (no amulet) Stlth
                     (no ring)
HPRegen 0.25/turn    (no ring)
MPRegen 0.09/turn

%: no passive effects
@: no status effects
A: fangs 1, strong nose, distributed training
a: no special abilities


You were on level 2 of the Dungeon.
You visited 1 branch of the dungeon, and saw 2 of its levels.

You collected 53 gold pieces.

Inventory:

Hand Weapons
 a - a +0 long sword (weapon)
Armour
 b - a +0 scale mail (worn)
 c - a +0 buckler (worn)
Jewellery
 h - a ring of ice
Scrolls
 f - a scroll of blinking {unknown}
 g - a scroll of identify {unknown}
Potions
 d - 3 potions of might
 e - a potion of resistance {unknown}
 i - a potion of haste {unknown}


   Skills:
 + Level 6.5 Fighting
 + Level 0.9 Short Blades
 + Level 4.5 Long Blades
 + Level 0.9 Axes
 + Level 0.9 Maces & Flails
 + Level 0.9 Polearms
 + Level 0.9 Staves
 + Level 0.9 Ranged Weapons
 + Level 0.9 Throwing
 + Level 6.5 Armour
 + Level 0.9 Dodging
 + Level 0.9 Stealth
 + Level 6.5 Shields
 + Level 0.9 Unarmed Combat
 + Level 0.9 Spellcasting
 + Level 0.6 Conjurations
 + Level 0.6 Hexes
 + Level 0.6 Summonings
 + Level 0.6 Necromancy
 + Level 0.6 Translocations
 + Level 0.6 Transmutations
 + Level 0.6 Fire Magic
 + Level 0.6 Ice Magic
 + Level 0.6 Air Magic
 + Level 0.6 Earth Magic
 + Level 0.6 Poison Magic
 + Level 1.0 Invocations
 + Level 0.9 Evocations


You had 3 spell levels left.
You didn't know any spells.
Your spell library contained the following spells:

 Spells                   Type           Power      Damage    Failure   Level
 Cigotuvi's Dreadful Rot  Necr/Pois/Air  2%         N/A       91%         2
 Ignite Poison            Fire/Tmut/Pois 1%         N/A       99%         3
 Freezing Cloud           Conj/Ice/Air   0%         6-21      100%        5


Dungeon Overview and Level Annotations

Branches:
Dungeon (2/15)

Altars:
Okawaru

Annotations:
D:2 Jessica, Robin


Innate Abilities, Weirdness & Mutations

You have very sharp teeth.
Your uncanny sense of smell can sniff out nearby items.
Your experience applies equally to all skills.


Message History

The goblin attacks as you move away! The goblin barely misses you.
You feel sick.
Found 3 datura-tipped darts.
You feel sick.
Found a tubular marble ring.
You feel sick.
A goblin comes into view. It is wielding a +0 dagger.
Jessica gestures wildly while chanting.
Jessica blinks!
The goblin attacks as you move away! The goblin hits you but does no damage.
You feel sick.
You closely miss the goblin. You bite the goblin.
The goblin is heavily wounded.
You feel sick.
You are no longer poisoned.
The goblin closely misses you.
Robin roars a battlecry!
The goblin goes into a battle-frenzy!
The goblin hits you with a +0 dagger.
* * * LOW HITPOINT WARNING * * *
You block Robin's attack. The goblin attacks as you move away!
The goblin hits you with a +0 dagger.
* * * LOW HITPOINT WARNING * * *
The goblin attacks as you move away! The goblin closely misses you.
Found an escape hatch in the ceiling.
The goblin attacks as you move away! The goblin hits you with a +0 dagger.
* * * LOW HITPOINT WARNING * * *
Found a fuming amethyst potion.
A frilled lizard comes into view.
The frilled lizard hisses angrily.
The goblin hits you but does no damage. Robin hits you but does no damage.
A ball python comes into view.
Found 9 gold pieces.
The ball python hisses angrily.
Robin throws the goblin at you! The goblin hits you with a +0 dagger.
* * * LOW HITPOINT WARNING * * *
There is an escape hatch in the ceiling here.
The goblin hits you with a +0 dagger.
* * * LOW HITPOINT WARNING * * *
The goblin hits you with a +0 dagger.
You die...

#..#......... .........
#..#####.#'## .........
#..#.....#'## ........#
#####.###.... ....S...#
.. #.... ........# .
#.... .....l..# #....
........# #....
.......@# #....
......gg######## #####
$.......r...$..# #
.........(....=# #
#...........ggg### #
#................##
#..............#g.######
#..............#.rgg).#.
#!.............#g....g)g


You could see 2 goblins, a ball python, a frilled lizard and a rat.

Vanquished Creatures
  A dart slug (D:1)
  4 endoplasms
  2 giant cockroaches (D:1)
  6 hobgoblins (D:1)
  A quokka (D:1)
  7 ball pythons
  4 bats
  4 frilled lizards
  4 goblins
  3 kobolds
  3 rats (D:1)
39 creatures vanquished.

Notes
Turn   | Place    | Note
-------+----------+-------------------------------------------
     0 | D:1      | Peloso the Gnoll Fighter began the quest for the Orb.
     0 | D:1      | Reached XP level 1. HP: 23/23 MP: 1/1
    98 | D:1      | Reached XP level 2. HP: 29/29 MP: 2/2
   101 | D:1      | Found a faded altar of an unknown god.
   334 | D:1      | Reached XP level 3. HP: 29/35 MP: 3/3
   866 | D:2      | Reached skill level 1 in Invocations
  1150 | D:2      | Found an iron altar of Okawaru.
  1156 | D:2      | Noticed Robin
  1159 | D:2      | Noticed Jessica
  1175 | D:2      | HP: 1/35 [goblin/+0 dagger[Robin] (4)]
  1175 | D:2      | Slain by a goblin

Illustrated notes

Levels and vault maps discovered:
D:1:      onia_arrival_pyramid, layout_basic,
          hellmonk_ecumenical_altar_prayer_group, minmay_misc_feat_iff,
          chequers_serial_rivers_small_3, minmay_fountain_box,
          chequers_serial_rivers_micro_d
D:2:      minmay_wonky_spiral, layout_basic, basic_altar, uniq_robin,
          uniq_jessica

Skill      XL: |  1  2  3 |
---------------+----------+-----
Invocations    | 1 |  1.0
Fighting       | |  6.5
Short Blades   | |  0.9
Long Blades    | |  4.5
Axes           | |  0.9
Maces & Flails | |  0.9
Polearms       | |  0.9
Staves         | |  0.9
Ranged Weapons | |  0.9
Throwing       | |  0.9
Armour         | |  6.5
Dodging        | |  0.9
Stealth        | |  0.9
Shields        | |  6.5
Unarmed Combat | |  0.9
Spellcasting   | |  0.9
Conjurations   | |  0.6
Hexes          | |  0.6
Summonings     | |  0.6
Necromancy     | |  0.6
Translocations | |  0.6
Transmutations | |  0.6
Fire Magic     | |  0.6
Ice Magic      | |  0.6
Air Magic      | |  0.6
Earth Magic    | |  0.6
Poison Magic   | |  0.6
Evocations     | |  0.9

Action                     || total
---------------------------++-------
  Melee: Long sword        ||    91
         Bite              ||     7
 Armour: Scale mail        ||    68
  Dodge: Dodged            ||    51
  Block: Buckler           ||    37
